 Dungeon Crawl Stone Soup version 0.28.0-47-ge53b351184 (webtiles) character file.

Game seed: 14693490618601435921

933 CryoSword the Shield-Bearer (level 7, -2/46 HPs)
             Began as a Demonspawn Fire Elementalist on Apr 26, 2022.
             Slain by a scorpion (8 damage)
             ... while paralysed by Grinder
             ... on level 5 of the Dungeon.
             The game lasted 00:08:51 (7337 turns).

CryoSword the Shield-Bearer (DsFE)                  Turns: 7337, Time: 00:08:51

Health: -2/46      AC:  4    Str: 10    XL:     7   Next: 86%
Magic:  10/10      EV:  2    Int: 16    God:
Gold:   37         SH:  0    Dex: 14    Spells: 7/10 levels left

rFire   . . .      SeeInvis .     - Unarmed
rCold   + . .      Faith    .   o - +0 buckler
rNeg    . . .      Spirit   .   a - +0 robe
rPois   .          Reflect  .   (no helmet)
rElec   .          Harm     .   (no cloak)
rCorr   .          Rampage  .   (no gloves)
Will    .....                   (no boots)
Stlth   ++........              (no amulet)
HPRegen 0.15/turn               h - ring of flight
MPRegen 0.12/turn               n - ring of protection from cold

@: paralysed, lethally poisoned (-2 -> -7), flying
A: claws 2, slimy green scales 1, ignite blood 1
a: no special abilities


You were on level 5 of the Dungeon.
You visited 1 branch of the dungeon, and saw 5 of its levels.

You collected 147 gold pieces.
You spent 110 gold pieces at shops.

Inventory:

Missiles
 e - a throwing net
 m - 2 boomerangs
Armour
 a - a +0 robe (worn)
 o - a +0 buckler (worn)
   (You found it on level 4 of the Dungeon)
Jewellery
 h - a ring of flight (left claw)
   (You found it on level 2 of the Dungeon)
 n - a ring of protection from cold (right claw)
   (You found it on level 4 of the Dungeon)
Scrolls
 f - a scroll of fear
 j - 3 scrolls of teleportation {@r4}
 k - 2 scrolls of holy word {!r}
 l - a scroll of summoning {unknown}
Potions
 c - a potion of attraction {!q}
 d - 2 potions of ambrosia
 q - a potion of cancellation


   Skills:
 - Level 1.7 Dodging
 - Level 1.7 Stealth
 + Level 4.7 Shields
 + Level 4.6 Unarmed Combat
 - Level 2.0 Spellcasting
 - Level 2.7 Conjurations
 - Level 4.5 Fire Magic


You had 7 spell levels left.
You knew the following spells:

 Your Spells              Type           Power      Damage    Failure   Level
a - Foxfire               Conj/Fire      52%        2x1d6     6%          1
b - Scorch                Fire           32%        2d7       6%          2

Your spell library contained the following spells:

 Spells                   Type           Power      Damage    Failure   Level
 Conjure Flame            Conj/Fire      13%        6-21      19%         3
 Slow                     Hex            4%         N/A       26%         1
 Inner Flame              Hex/Fire       8%         N/A       30%         3
 Flame Wave               Conj/Fire      13%        2d6       52%         4
 Confusing Touch          Hex            1%         N/A       61%         3
 Vampiric Draining        Necr           1%         2d6       61%         3


Dungeon Overview and Level Annotations

Branches:
Dungeon (5/15)
 Temple: D:4-7

Altars:
Ashenzari
Yredelemnul

Shops:
D:4 !=

Annotations:
D:5 Grinder


Innate Abilities, Weirdness & Mutations

You have very sharp fingernails.
You are partially covered in slimy green scales. (AC +2)
Your demonic aura sometimes causes spilled blood to erupt in flames.


Message History

Flames lash the orc.
The orc is burned terribly!
You kill the orc!
You block something's attack.
Deactivating autopickup; reactivate with Ctrl-A.
Something hits you. Something hits you but does no damage.
You hear some strange, mumbled words.
Something tries to affect you, but you resist.
Something hits you.
No target in view!
No target in view!
No target in view!
Something hits you.
You see here an adder corpse.
You block something's attack.
There is a stone staircase leading down, spattered with blood here.
You hear some strange, mumbled words.
You are confused.
Something hits you.
You bump into the rock wall.
Something hits you.
You bump into the rock wall.
You feel less confused. Something hits you.
Unknown command.
An orc wizard appears from thin air!
Reactivating autopickup.
You completely miss the orc wizard. The orc wizard completely misses you.
You scratch the orc wizard.
You kill the orc wizard!
Things that are here:
a +0 dagger; a +0 robe
Things that are here:
a +0 morningstar; a +0 leather armour; an orc corpse Done exploring.
Done exploring.
There is a stone staircase leading down, spattered with blood here.
You fly downwards.
Level annotation: Grinder The scorpion stings you.
The scorpion stings you but does no damage.
Grinder blinks!
There is a stone staircase leading up here.
You conjure some foxfire!
The foxfire hits the hound.
You block the scorpion's attack.
Flames lash the hound.
The hound's fire resistance burns away.
The foxfire hits the scorpion but does no damage.
The scorpion misses you. The hound bites you. The scorpion closely misses you.
The hound bites you. The scorpion closely misses you. The hound bites you.
You fly upwards.
There is a stone staircase leading down, spattered with blood here.
Flames lash the hound.
The hound is burned terribly!
You kill the hound!
The scorpion stings you.
You are poisoned.
The scorpion poisons you!
You miscast Scorch.
You are very lightly contaminated with residual magic.
Nothing appears to happen.
You feel very sick. The scorpion closely misses you.
Flames lash the scorpion.
The scorpion's fire resistance burns away.
You feel sick. The scorpion stings you.
* * * LOW HITPOINT WARNING * * *
You are lethally poisoned!
The scorpion poisons you!
You feel better. The scorpion closely misses you.
You block the scorpion's attack.
You barely miss the scorpion. The scorpion misses you.
You conjure some foxfire!
The scorpion is no longer more vulnerable to fire.
The scorpion stings you but does no damage.
You barely miss the scorpion.
The foxfire hits the scorpion but does no damage. x2
The scorpion barely misses you.
You conjure some foxfire!
The scorpion closely misses you.
You scratch the scorpion.
The foxfire hits the scorpion but does no damage. x2
The scorpion stings you.
You are poisoned.
The scorpion poisons you!
Your magical contamination has completely faded away.
Here: a scorpion (moderately wounded)
The floor.
Unknown command.
You feel better. You block the scorpion's attack.
You claw the scorpion! The scorpion closely misses you.
The scorpion barely misses you.
You barely miss the scorpion. The scorpion stings you.
You claw the scorpion!
You kill the scorpion!
Done exploring.
You fly downwards.
Level annotation: Grinder
There is a stone staircase leading up here.
Flames lash Grinder.
Grinder's fire resistance burns away.
Flames lash Grinder.
Grinder is burned terribly!
Grinder hits you.
You writhe in agony.
Flames lash Grinder.
Grinder is burned terribly!
Grinder completely misses you.
Flames lash Grinder.
Grinder is burned terribly!
Grinder gestures at you.
You suddenly lose the ability to move!
Grinder hits you! Grinder completely misses you.
You can move again.
Unknown command.
Grinder gestures at you. Pain shoots through your body!
Unknown command.
Unknown command.
You conjure some foxfire!
You barely miss Grinder.
The foxfire hits Grinder.
Grinder is burned terribly!
The foxfire hits Grinder.
Grinder is burned terribly!
Grinder gestures at you. Pain shoots through your body!
* * * LOW HITPOINT WARNING * * *
You are confused.
You feel invigorated. Grinder closely misses you. The scorpion stings you.
* * * LOW HITPOINT WARNING * * *
You closely miss Grinder. The scorpion stings you.
* * * LOW HITPOINT WARNING * * *
You are poisoned.
The scorpion poisons you! Grinder hits you.
* * * LOW HITPOINT WARNING * * *
You writhe in agony.
* * * LOW HITPOINT WARNING * * *
Unknown command.
Unknown command.
Unknown command.
You feel very sick.
Grinder blinks!
You closely miss the scorpion.
You feel sick. The scorpion stings you!
* * * LOW HITPOINT WARNING * * *
Grinder says, "Are you a fish?"
You feel better.
You feel less invigorated. You block the scorpion's attack. Grinder hits you.
* * * LOW HITPOINT WARNING * * *
You writhe in agony.
* * * LOW HITPOINT WARNING * * *
You scratch Grinder. The scorpion stings you!
* * * LOW HITPOINT WARNING * * *
You are poisoned.
The scorpion poisons you! Grinder gestures at you.
You suddenly lose the ability to move!
You feel sick. The scorpion stings you.
* * * LOW HITPOINT WARNING * * *
The scorpion stings you!
You die...

............
...........##
............#
.......)....###
...............
............#
........5...#
.......@...#
.......s.)##
......#....#
.......<...#
......[.#.....#
..............[..#..##.#
................#..# ..
....s............... #
......o...........##.


You could see Grinder (combustible) and a scorpion.

Vanquished Creatures
  A steam dragon (D:4)
  Menkaure (D:4)
  A sky beast (D:3)
  4 scorpions (D:4)
  2 hounds
  An orc priest (D:5)
  A centaur skeleton (D:4)
  3 orc wizards
  5 adders
  3 gnolls (D:4)
  An adder skeleton (D:4)
  3 worms
  5 dart slugs
  7 orcs
  4 endoplasms
  A giant cockroach (D:1)
  5 goblins
  5 hobgoblins
  7 jackals
  3 kobolds
  5 quokkas
  9 ball pythons
  11 bats
  3 frilled lizards (D:1)
  5 rats
  A spectral orc (D:3)
97 creatures vanquished.

Vanquished Creatures (others)
  307 foxfires
  3 fungi (D:4)
310 creatures vanquished.

Grand Total: 407 creatures vanquished

Notes
Turn   | Place    | Note
-------+----------+-------------------------------------------
     0 | D:1      | CryoSword the Demonspawn Fire Elementalist began the quest
                  | for the Orb.
     0 | D:1      | Reached XP level 1. HP: 13/13 MP: 3/3
   436 | D:1      | Gained mutation: Your demonic aura sometimes causes spilled
                  | blood to erupt in flames. [demonic ancestry]
   436 | D:1      | Reached XP level 2. HP: 15/19 MP: 1/5
  1324 | D:1      | Reached XP level 3. HP: 24/24 MP: 2/6
  1747 | D:1      | Learned a level 2 spell: Scorch
  2950 | D:2      | Gained mutation: You are partially covered in slimy green
                  | scales. (AC +2) [demonic ancestry]
  2950 | D:2      | Reached XP level 4. HP: 30/30 MP: 1/7
  3791 | D:3      | Found a faded altar of an unknown god.
  4108 | D:3      | Found a broken altar of Ashenzari.
  4383 | D:3      | Found a basalt altar of Yredelemnul.
  4833 | D:4      | Gained mutation: You have sharp fingernails. [demonic
                  | ancestry]
  4833 | D:4      | Reached XP level 5. HP: 35/35 MP: 2/8
  4943 | D:4      | Found Fuceaw's Distillery.
  4952 | D:4      | Bought a potion of heal wounds for 50 gold pieces
  4952 | D:4      | Bought a potion of curing for 30 gold pieces
  4952 | D:4      | Bought a potion of lignification for 30 gold pieces
  4985 | D:4      | Noticed a sky beast
  5024 | D:3      | Killed a sky beast
  5025 | D:3      | Reached skill level 1 in Shields
  5025 | D:3      | Reached skill level 1 in Unarmed Combat
  5131 | D:4      | Noticed Menkaure
  5479 | D:4      | Reached XP level 6. HP: 36/41 MP: 2/9
  5829 | D:4      | Killed Menkaure
  6031 | D:4      | Found Ytrof's Jewellery Shop.
  6076 | D:4      | Gained mutation: You have very sharp fingernails. [demonic
                  | ancestry]
  6076 | D:4      | Reached XP level 7. HP: 23/46 MP: 0/10
  6522 | D:4      | Noticed a steam dragon
  6555 | D:4      | Killed a steam dragon
  6883 | D:5      | Entered Level 5 of the Dungeon
  6883 | D:5      | Noticed Grinder
  6885 | D:5      | Paralysed by Grinder for 6 turns
  7324 | D:5      | Paralysed by Grinder for 3 turns
  7336 | D:5      | Paralysed by Grinder for 3 turns
  7337 | D:5      | Slain by a scorpion

Illustrated notes

Levels and vault maps discovered:
D:1:      amcnicky_arrival_blooded_trapdoor, layout_basic
D:2:      layout_basic, serial_corexii_hall, chequers_hall_statues_corner_a,
          chequers_hall_statues_y
D:3:      layout_basic, evilmike_ruin_ashenzari,
          yredelemnul_forgotten_temple_becter,
          shapermc_ecumenical_altar_notcrosses, minmay_misc_feat_chi
D:4:      old_forge, layout_rooms, serial_shops, nicolae_shop_hallway_stairs,
          nicolae_stop_n_shop_2, shop, uniq_menkaure
D:5:      layout_rooms, nicolae_hepliaklqana_ecumenical_no_more,
          mainiacjoe_overflow_alcove_2, minmay_temple_entry_nine_rooms,
          uniq_edmund, uniq_grinder

Skill      XL: |  1  2  3  4  5  6  7 |
---------------+----------------------+-----
Fire Magic     | 3 4 |  4.5
Conjurations   | 2 |  2.7
Shields        | 2 3 4 |  4.7
Unarmed Combat | 1 3 4 |  4.6
Dodging        | |  1.7
Stealth        | |  1.7
Spellcasting   | |  2.0

Action                   |  1- 3 |  4- 6 |  7- 9 || total
-------------------------+-------+-------+-------++-------
Melee: Unarmed           |    29 |    18 |    27 ||    74
       Dagger            |     1 |     1 |       ||     2
 Cast: Foxfire           |   109 |    56 |    17 ||   182
       Scorch            |     7 |    32 |    22 ||    61
  Use: Scroll            |       |     5 |     1 ||     6
       Potion            |       |       |     6 ||     6
 Stab: Sleeping          |     1 |     1 |       ||     2
Armor: Robe              |    12 |    15 |    13 ||    40
       Skin              |       |       |     7 ||     7
Dodge: Dodged            |    43 |    17 |    26 ||    86
Block: Buckler           |       |     4 |    14 ||    18
